Unix NetHack Version 5.0.0-0 post-release - last build Jun 10 2026 00:39:30 (3ee93aec679c4c4259841fe613dc97188e26a321,branch:main).

Game began 2026-06-14 20:01:16, ended 2026-06-14 20:12:28.

ARFwashere, neutral male human Archeologist

        ------
        |..|.|          ----
  ---- --....|          |..----
  |..| |....<|          |.....----
  |..--|-.[.)#-        --........|
  |...--...(..| 0      |..|.----.--
 --...........########)|.----  |..|
 |..........--#   *#   #.|     --.--
 |....|.....|          -.|      |..|
 --..---....|           .#      --.|
  ----|....--          ..*       |f---
      |^----                     |...---
      -.                         ---....
                                  |...---
                                  |.....---
                                  ---......
                                    --.----
                                     |..|
                                     |..|
                                     ---

ARFwashere the Field Worker  St:11 Dx:11 Co:14 In:17 Wi:15 Ch:8  Neutral
Dlvl:4  $:95 HP:0(28) Pw:12(12) AC:7  Xp:3 T:1446 

Latest messages:
 You are hit by an arrow.
 What do you want to use or apply? [ae-hlnquvx or ?*] l
 Your lamp is now on.
 You hear someone incant XOR OTA.
 Call a scroll labeled XOR OTA: 
 You sense a faint wave of psychic energy.
 The master mind flayer shoots an arrow!
 You are hit by an arrow.
 What do you want to read? [ikntuB or ?*] ?
 As you read the scroll, it disappears.
 Your hands tingle.
 You stop.  Your kitten is in the way!
 You miss the master mind flayer.
 The master mind flayer swings his bow.
 The master mind flayer hits!
 The master mind flayer's tentacles suck your brain!
 Your hat blocks the attack to your head.
 The master mind flayer's tentacles suck your brain again!
 Your hat blocks the attack to your head.
 The master mind flayer's tentacles suck your brain again!
 Your hat blocks the attack to your head.
 The master mind flayer's tentacles suck your brain again!
 Your hat blocks the attack to your head.
 The master mind flayer's tentacles suck your brain again!
 Your hat blocks the attack to your head.
 You miss the master mind flayer.
 The master mind flayer swings his bow.
 The master mind flayer hits!
 The master mind flayer's tentacles suck your brain!
 Your hat blocks the attack to your head.
 The master mind flayer's tentacles suck your brain again!
 Your hat blocks the attack to your head.
 The master mind flayer's tentacles suck your brain again!
 Your hat blocks the attack to your head.
 The master mind flayer's tentacles suck your brain again!
 Your hat blocks the attack to your head.
 The master mind flayer's tentacles suck your brain again!
 Your hat blocks the attack to your head.
 What do you want to zap? [v or ?*] ?
 In what direction? k
 The master mind flayer vanishes!
 A wave of psychic energy pours over you!
 You feel an unseen monster!
 It hits!
 You die...
 Do you want your possessions identified? [ynq] (y) n
 Do you want to see your attributes? [ynq] (y) n
 Do you want an account of creatures vanquished? [ynaq] (y) n
 Do you want to see your conduct and achievements? [ynq] (y) n
 Do you want to see the dungeon overview? [ynq] (y) n

Inventory:
 Coins    ('$')
  $ - 95 gold pieces
 Weapons  (')')
  a - a +2 bullwhip (weapon in right hand)
 Armor    ('[')
  c - an uncursed +0 fedora (being worn)
  C - an uncursed +0 orcish helm
  o - an uncursed +1 cloak of invisibility (being worn)
  b - an uncursed +0 leather jacket (being worn)
 Comestibles  ('%')
  d - 3 uncursed food rations
 Scrolls  ('?')
  B - a cursed scroll of amnesia
  t - an uncursed scroll of identify
  k - an uncursed scroll of teleportation
 Spellbooks  ('+')
  n - an uncursed spellbook of sleep
  u - an uncursed spellbook of sleep
 Potions  ('!')
  r - a blessed potion of extra healing
  p - an uncursed potion of object detection
 Wands    ('/')
  v - a wand of make invisible (0:5)
 Tools    ('(')
  h - an empty uncursed sack
  q - an uncursed blindfold
  x - an uncursed lock pick
  l - an uncursed oil lamp (lit)
  e - a +0 pick-axe (alternate weapon; not wielded)
  f - a tinning kit (0:80)
 Gems/Stones  ('*')
  j - an uncursed amber stone
  y - an uncursed jasper stone
  g - an uncursed touchstone

ARFwashere the Archeologist's attributes:

Background:
 You were a Field Worker, a level 3 male human Archeologist.
 You were neutral, nominally on a mission for Camaxtli
 who was opposed by Quetzalcoatl (lawful) and Huhetotl (chaotic).
 You were right-handed.
 You were in the Gnomish Mines, on level 4.
 You entered the dungeon 1446 turns ago.
 There was a new moon in effect when your adventure ended.
 You had 70 experience points, 10 more were needed to attain level 4.

Basics:
 You had 0 out of 28 hit points.
 You had all 12 energy points (spell power).
 Your armor class was 7.
 Your wallet contained 95 zorkmids.
 Autopickup was on for '$' plus thrown.

Final Characteristics:
 Your strength was 11 (limit:18/100).
 Your dexterity was 11 (limit:18).
 Your constitution was 14 (limit:18).
 Your intelligence was 17 (limit:18).
 Your wisdom was 15 (limit:18).
 Your charisma was 8 (limit:18).

Final Status:
 You weren't hungry.
 You were unencumbered.
 You were wielding a whip.
 You had basic skill with whip.

Final Attributes:
 You were devoutly aligned.
 You had automatic searching.
 You would have confused monsters when hitting them.
 You were invisible.
 You were warded.
 You were lucky.
 You are dead.

Miscellaneous:
 You didn't encounter any bones levels.
 Total elapsed playing time was 11 minutes and 12 seconds.

Major events:
 Turn
    1: ARFwashere the neutral male human Archeologist entered the dungeon
  922: entered the Gnomish Mines
 1191: attained the rank of Field Worker (level 3)
 1446: killed by an invisible master mind flayer

You didn't know any spells.

Skills:
 Fighting Skills
   bare handed combat [Unskilled]
   two weapon combat  [Unskilled]
   riding             [Unskilled]
 Weapon Skills
   dagger             [Unskilled]
   knife              [Unskilled]
   pick-axe           [Basic]
   short sword        [Unskilled]
   saber              [Unskilled]
   club               [Unskilled]
   quarterstaff       [Unskilled]
   sling              [Unskilled]
   dart               [Unskilled]
   boomerang          [Unskilled]
   whip               [Basic]
   unicorn horn       [Unskilled]
 Spellcasting Skills
   attack spells      [Unskilled]
   healing spells     [Unskilled]
   divination spells  [Unskilled]
   matter spells      [Unskilled]

Voluntary challenges:
 Character rerolling was not enabled.
 You were an atheist.
 You never genocided any monsters.
 You never polymorphed an object.
 You never changed form.
 You used no wishes.
Achievements:
 You entered the Gnomish Mines.
 You attained the rank of Field Worker.

 The Dungeons of Doom: levels 1 to 3
    Level 1:
       A fountain.
    Level 2:
       A sink.
    Level 3:
       Stairs down to The Gnomish Mines.
 The Gnomish Mines:
    Level 4: <- You were here.
       Final resting place for
          you, killed by an invisible master mind flayer.


Vanquished creatures:
  a gnome leader
  2 dwarves
  a homunculus
  2 coyotes
  4 gnomes
  a gnome zombie
  2 geckos
  4 jackals
  a fox
  a goblin
  3 grid bugs
  2 bats
  5 lichens
  a newt
30 creatures vanquished.

No species were genocided or became extinct.

Game over:
                       ----------
                      /          \
                     /    REST    \
                    /      IN      \
                   /     PEACE      \
                  /                  \
                  |    ARFwashere    |
                  |      95 Au       |
                  |   killed by an   |
                  | invisible master |
                  |   mind flayer    |
                  |                  |
                  |       2026       |
                 *|     *  *  *      | *
        _________)/\\_//(\/(/\)/\//\/|_)_______

Goodbye ARFwashere the Archeologist...

You died in The Gnomish Mines on dungeon level 4 with 516 points,
and 95 pieces of gold, after 1446 moves.
You were level 3 with a maximum of 28 hit points when you died.

